 Dungeon Crawl Stone Soup version 0.31-a0-960-g0fca184906 (webtiles) character file.

Game seed: 4803340946836951324

18 night the Ruffian (level 2, -2/21 HPs)
             Began as a Demonspawn Shapeshifter on Oct 23, 2023.
             Slain by Terence
             ... wielding a +0 mace
              (10 damage)
             ... on level 1 of the Dungeon.
             The game lasted 00:02:03 (720 turns).

night the Ruffian (Demonspawn Shapeshifter)          Turns: 720, Time: 00:02:04

Health: -2/21      AC:  2    Str: 14    XL:     2   Next: 48%
Magic:  2/2        EV: 12    Int: 11    God:
Gold:   58         SH:  4    Dex: 12    Spells: 1/1 levels left

rFire   . .          .
                       - Unarmed
rCold   . . .        (no shield)
rNeg    . . .        a - +0 animal skin
rPois   .            (helmet currently unavailable)
rElec   .            (cloak currently unavailable)
rCorr   .            (gloves currently unavailable)
SInv    .            (boots currently unavailable)
Will    .....        (no amulet)
Stlth   +            (no ring)
HPRegen 0.23/turn    (no ring)
MPRegen 0.08/turn

%: no passive effects
@: beast-form
A: beast (slay +1), condensation shield
a: Begin Untransformation


You were on level 1 of the Dungeon.
You were a hulking beast.
You visited 1 branch of the dungeon, and saw 2 of its levels.

You collected 58 gold pieces.

Inventory:

Missiles
 i - 5 stones
Armour
 a - a +0 animal skin (worn)
Jewellery
 g - an amulet of faith
Talismans
 c - a beast talisman
 d - a flux talisman
 h - a storm talisman
Scrolls
 f - a scroll of teleportation {unknown}
 j - a scroll of noise {unknown}
 k - a scroll of immolation {unknown}
 l - a scroll of fog {unknown}
Potions
 b - a potion of lignification
 e - a potion of haste {unknown}
 m - a potion of ambrosia {unknown}


   Skills:
 + Level 1.4 Fighting
 - Level 1.7 Dodging
 * Level 3.1 Unarmed Combat
 + Level 2.9 Shapeshifting


You had one spell level left.
You didn't know any spells.
Your spell library contained the following spells:

 Spells                   Type           Power      Damage    Failure   Level
 Lesser Beckoning         Tloc           0%         N/A       47%         2
 Gell's Gravitas          Tloc           0%         N/A       71%         3
 Teleport Other           Tloc           0%         N/A       71%         3


Dungeon Overview and Level Annotations

Branches:
Dungeon (2/15)

Altars:

Annotations:
D:1 Terence


Innate Abilities, Weirdness & Mutations

You are a hulking beast.
Your limbs bulge with bestial killing power. (Slay +1)
A meltable shield of frost defends you. (SH +4)


Message History

You hit the bat.
The bat is severely wounded.
The bat hits you but does no damage.
You hit the bat.
You kill the bat!
No target in view!
No target in view!
No target in view!
No target in view!
No target in view!
No target in view!
No target in view!
No target in view!
No target in view!
No target in view!
No target in view!
No target in view!
You now have 58 gold pieces (gained 8).
Done exploring.
Done exploring.
What level of the Dungeon? (default 1, ? - help)
Things that are here:
a jackal skeleton; a jackal skeleton
There is a stone staircase leading down here.
You climb downwards.
Terence shouts!
Found a scroll labelled QYFFOE TAR ONK.
Found a stone staircase leading down and a stone staircase leading up.
There is a stone staircase leading up here.
There are monsters nearby!
Terence bares his teeth.
An adder comes into view.
You block Terence's attack.
You climb upwards.
There is a stone staircase leading down here.
You hit Terence but do no damage. Terence hits you with a +0 mace.
You hit Terence but do no damage. Terence hits you with a +0 mace!
You completely miss Terence. Your punch misses Terence.
You hit Terence but do no damage. Terence hits you with a +0 mace!
You die...

..### ##..#.................8..
....######..#........#.....###...
..............#..####.##.####....
....####.#.#..#...###.........∩..
.........).................####..
.##..##.#...#.........#....#.)†..
###...#.....#..............#.###.
####.....##................#.# #.
..........#....@h..........#.# #.
.......#.........#.###.......# #.
..............####.###..#....###.
......................#.......##.
.................................
.......#>......#####.............
...............# ##.........#.#.
........#......####..####..#.....
..###...#####.##....## #...#.##..


You could see Terence.

Vanquished Creatures
  A ball python (D:1)
  3 bats (D:1)
  2 endoplasms (D:1)
  A goblin (D:1)
  4 jackals (D:1)
  A quokka (D:1)
  2 frilled lizards (D:1)
  A kobold (D:1)
15 creatures vanquished.

Notes
Turn   | Place    | Note
-------+----------+-------------------------------------------
     0 | D:1      | night the Demonspawn Shapeshifter began the quest for the
                  | Orb.
     0 | D:1      | Reached XP level 1. HP: 15/15 MP: 1/1
   290 | D:1      | Reached skill level 3 in Unarmed Combat
   299 | D:1      | Gained mutation: A meltable shield of frost defends you.
                  | (SH +4) [demonic ancestry]
   299 | D:1      | Reached XP level 2. HP: 21/21 MP: 2/2
   499 | D:1      | Found a faded altar of an unknown god.
   709 | D:2      | Noticed Terence
   720 | D:1      | Slain by Terence

Illustrated notes

Levels and vault maps discovered:
D:1:      spicycebolla_green_bress_n_ham_2, layout_rooms,
          hellmonk_ecumenical_altar_arch_garden
D:2:      layout_basic, uniq_terence

Skill      XL: |  1 |
---------------+----+-----
Unarmed Combat | 3 |  3.1
Fighting       | |  1.4
Dodging        | |  1.7
Shapeshifting  | |  2.9

Action                     || total
---------------------------++-------
  Melee: Unarmed           ||    52
         Punch             ||     1
 Armour: Animal skin       ||    19
  Dodge: Dodged            ||    28
  Block: Other             ||    10

Table legend: (Time is in decaauts)
 A = Elapsed time spent in this place.
 B = Non-inter-level travel time spent in this place.
 C = Inter-level travel time spent in this place.
 D = Time resting spent in this place.
 E = Time spent auto-exploring this place.
 F = Levels seen in this place.
 G = Mean time per level.
                   A        B        C        D        E       F      G
               +--------+--------+--------+--------+--------+-----+--------+
         Total |    719 |    692 |     27 |     46 |    452 |   2 |  359.5 |
       Dungeon |    719 |    692 |     27 |     46 |    452 |   2 |  359.5 |
               +--------+--------+--------+--------+--------+-----+--------+

Top non-repeatable levels by time:
     D:1: 712 daAuts
     D:2: 6 daAuts
